[Event "Serbian League 2024"]
[Site "Bajina Basta"]
[Date "2024.09.30"]
[Round "4.22"]
[White "Ljepic, Andrej"]
[Black "Stojanovic, Dalibor"]
[Result "1/2-1/2"]
[ECO "A45"]
[WhiteElo "2326"]
[BlackElo "2448"]
[Annotator "RC"]
[PlyCount "139"]
[EventDate "2024.09.26"]
[EventType "team-tourn"]
[EventCountry "SRB"]
[SourceTitle "playchess.com"]
[Source "ChessBase"]
[SourceQuality "1"]
[TimeControl "40/5400+30:1800+30"]

1. d4 Nf6 2. Bg5 g6 3. Bxf6 exf6 4. e3 d6 5. g3 f5 6. Bg2 Nd7 7. h4 h5 8. Ne2 Bh6 9. c4 O-O 10. O-O Nf6 11. Nbc3 c6 12. Nf4 Ng4 13. b4 Bd7 14. b5 Rc8 15. a4 Re8 16. Rb1 cxb5 17. Nxb5 Bxf4 18. exf4 Bxb5 19. Rxb5 b6 20. Qd3 Re7 21. Bf3 Nf6 22. a5 bxa5 23. Ra1 Rec7 24. Ra4 Qe7 25. Kf1 Qe6 26. Be2 Ne4 27. Kg2 Nc3 28. Qxc3 Qxe2 29. Qf3 Qxf3+ 30. Kxf3 Rxc4 31. Rbxa5 Rxa4 32. Rxa4 Ra8 33. Ra6 Kf8 34. d5 Ke7 35. Ke3 Kd7 36. Kd3 Kc7 37. Kc4 Rc8 38. Kd4 Kb7 39. Rxd6 a5 40. Rd7+ Rc7 41. Rd8 a4 42. Re8 Rc8 43. Re3 Ra8 44. Ra3 Kc7 45. Kc5 Kd7 46. Kb6 Kd6 47. Kb7 Ra5 48. Kb6 Rxd5 49. Rxa4 Rd2 50. Rb4 Kd5 51. Kc7 Rxf2 52. Kd7 Re2 53. Rb3 Kd4 54. Kd6 Re6+ 55. Kd7 Kc4 56. Ra3 Kd5 57. Rd3+ Kc5 58. Rc3+ Kd4 59. Rb3 Ke4 60. Ra3 Kd4 61. Rb3 Kc4 62. Ra3 Kd4 63. Rb3 Re3 64. Rxe3 Kxe3 65. Ke7 Kf3 66. Kxf7 Kxg3 67. Kxg6 Kxf4 68. Kxh5 Kg3 69. Kg6 Kxh4 70. Kxf5 1/2-1/2

[Event "Serbian League 2024"]
[Site "Bajina Basta"]
[Date "2024.09.30"]
[Round "4.23"]
[White "Alimpic, Aleksa"]
[Black "Ivanovic, Dragutin"]
[Result "1-0"]
[ECO "A40"]
[WhiteElo "2253"]
[BlackElo "2308"]
[Annotator "RC"]
[PlyCount "111"]
[EventDate "2024.09.26"]
[EventType "team-tourn"]
[EventCountry "SRB"]
[SourceTitle "playchess.com"]
[Source "ChessBase"]
[SourceQuality "1"]
[TimeControl "40/5400+30:1800+30"]

1. d4 Nc6 2. Nf3 Nf6 3. Bg5 h6 4. Bxf6 gxf6 5. c4 e5 6. Nc3 d6 7. g3 Bg7 8. Bg2 f5 9. dxe5 Nxe5 10. Nxe5 Bxe5 11. Qd2 c6 12. Rc1 Be6 13. b3 Qa5 14. e3 h5 15. h4 O-O-O 16. O-O Rhg8 17. Rfd1 Kb8 18. Ne2 Qa3 19. Nd4 Qc5 20. Qc2 Bxg3 21. b4 Qb6 22. fxg3 Rxg3 23. c5 dxc5 24. bxc5 Qc7 25. Nxf5 Rxg2+ 26. Qxg2 Bxf5 27. Rxd8+ Qxd8 28. Qg3+ Kc8 29. Qg5 Qxg5+ 30. hxg5 h4 31. Kf2 Be6 32. e4 Kc7 33. Ke3 b6 34. Kd4 h3 35. Ke5 Bxa2 36. Ra1 h2 37. cxb6+ Kxb6 38. Rh1 a5 39. Rxh2 Bb3 40. Kd4 c5+ 41. Kc3 a4 42. Rh6+ Kc7 43. Rf6 Kd7 44. Ra6 Ke7 45. Rc6 Be6 46. Rxc5 a3 47. Ra5 a2 48. Kd4 Kf8 49. g6 f6 50. Ra7 Bb3 51. Kc5 a1=Q 52. Rxa1 Kg7 53. Rg1 Ba4 54. Kd6 Be8 55. Ke7 Bc6 56. Rg4 1-0

[Event "Serbian League 2024"]
[Site "Bajina Basta"]
[Date "2024.09.30"]
[Round "4.24"]
[White "Zivanovic, Bojan"]
[Black "Popovic, Milan S"]
[Result "1/2-1/2"]
[ECO "E62"]
[WhiteElo "2161"]
[BlackElo "2367"]
[Annotator "RC"]
[PlyCount "31"]
[EventDate "2024.09.26"]
[EventType "team-tourn"]
[EventCountry "SRB"]
[SourceTitle "playchess.com"]
[Source "ChessBase"]
[SourceQuality "1"]
[TimeControl "40/5400+30:1800+30"]

1. Nf3 Nf6 2. g3 g6 3. Bg2 Bg7 4. O-O O-O 5. d4 d6 6. c4 Nc6 7. Nc3 e5 8. dxe5 dxe5 9. Bg5 Be6 10. Nd5 Bxd5 11. cxd5 Qxd5 12. Qxd5 Nxd5 13. Nxe5 Nxe5 14. Bxd5 c6 15. Bb3 h6 16. Be3 1/2-1/2

[Event "Serbian League 2024"]
[Site "Bajina Basta"]
[Date "2024.09.30"]
[Round "4.26"]
[White "Celik, Hasan Huseyin"]
[Black "Markus, Robert"]
[Result "0-1"]
[ECO "E11"]
[WhiteElo "2425"]
[BlackElo "2586"]
[Annotator "RC"]
[PlyCount "145"]
[EventDate "2024.09.26"]
[EventType "team-tourn"]
[EventCountry "SRB"]
[SourceTitle "playchess.com"]
[Source "ChessBase"]
[SourceQuality "1"]
[TimeControl "40/5400+30:1800+30"]

1. d4 Nf6 2. c4 e6 3. Nf3 Bb4+ 4. Nbd2 d6 5. a3 Bxd2+ 6. Qxd2 O-O 7. e3 Nbd7 8. b4 a5 9. Bb2 axb4 10. axb4 Rxa1+ 11. Bxa1 b5 12. cxb5 Bb7 13. Be2 Ne4 14. Qb2 f5 15. O-O Nb6 16. Rc1 Bd5 17. Qc2 Rf7 18. Bc3 g5 19. Ra1 g4 20. Ne1 Qh4 21. Nd3 Ng5 22. Be1 Nf3+ 23. Bxf3 gxf3 24. g3 Qh6 25. Nf4 e5 26. dxe5 dxe5 27. h4 exf4 28. exf4 Qe6 29. Qc5 Na4 30. Qa7 Nb6 31. Bc3 Re7 32. Rd1 Kf7 33. Qb8 Qe2 34. Rc1 Qe6 35. Qh8 Kg6 36. Rd1 Qf7 37. Kh2 Re8 38. Qd4 Kh5 39. Qc5 Be4 40. Be5 Nd7 41. Qe3 h6 42. Bxc7 Nf6 43. Qc5 Ng4+ 44. Kg1 Bb7 45. Be5 Rc8 46. Qd6 Qa2 47. Bd4 Qd2 48. Bc5 Qxd6 49. Rxd6 Ra8 50. Rd1 Ra2 51. b6 Rb2 52. Kf1 Ba6+ 53. Kg1 Kg6 54. Ra1 Kf7 55. Re1 Re2 56. Ra1 Ke8 57. Rd1 Rb2 58. Ra1 Kd7 59. Rd1+ Kc8 60. Rc1 Kb8 61. Rd1 Bd3 62. Ra1 h5 63. Rd1 Rb3 64. Rc1 Kb7 65. Rd1 Nf6 66. Ra1 Rb1+ 67. Rxb1 Bxb1 68. Kf1 Nd5 69. Ke1 Nxb6 70. Bxb6 Kxb6 71. Kd2 Kb5 72. Ke3 Be4 73. Kd4 0-1

[Event "Serbian League 2024"]
[Site "Bajina Basta"]
[Date "2024.09.30"]
[Round "4.27"]
[White "Perunovic, Milos"]
[Black "Kovacevic, Aleksandar"]
[Result "1/2-1/2"]
[ECO "C42"]
[WhiteElo "2525"]
[BlackElo "2479"]
[Annotator "TA"]
[PlyCount "51"]
[EventDate "2024.09.26"]
[EventType "team-tourn"]
[EventCountry "SRB"]
[SourceTitle "playchess.com"]
[Source "ChessBase"]
[SourceQuality "1"]
[TimeControl "40/5400+30:1800+30"]

1. e4 e5 2. Nf3 Nf6 3. Nxe5 d6 4. Nf3 Nxe4 5. d4 d5 6. Bd3 Bd6 7. O-O O-O 8. c4 c6 9. Nc3 Nxc3 10. bxc3 dxc4 11. Bxc4 Bf5 12. Ng5 {[%emt 0:10:37] Hoping for g4. The position is equal.} (12. Bd3 {simplifies} Bxd3 13. Qxd3 Nd7 14. c4) 12... h6 13. Qf3 Bg6 14. Ne4 Bxh2+ 15. Kxh2 Qh4+ 16. Qh3 $1 Qxh3+ ({Don't play} 16... Qxe4 $6 17. Ba3 Rd8 18. Rae1 Qf4+ 19. g3 $14) 17. gxh3 Bxe4 18. Rg1 Re8 19. Bxh6 g6 {[%emt 0:00:15] Black is weak on the dark squares} 20. Bb3 Nd7 21. Rae1 Bf5 22. h4 Nf6 {[%emt 0:04:30] [#] aiming for ...Rxe1.} 23. f3 b5 24. a4 a5 25. Bg5 {[%emt 0:05:38] This pair of bishops is nice.} Nh5 26. c4 {[%emt 0:03:09] A rather calm draw.   Weighted Error Value: White=0.02 (flawless) /Black=0.00 (flawless) .  OK:         	White=9     	Black=11     Best:        	---       	Black=1      Strong:       	White=1     	---} 1/2-1/2

[Event "Serbian League 2024"]
[Site "Bajina Basta"]
[Date "2024.09.30"]
[Round "4.28"]
[White "Brenjo, Slavisa"]
[Black "Ivanisevic, Ivan"]
[Result "1/2-1/2"]
[ECO "C60"]
[WhiteElo "2376"]
[BlackElo "2519"]
[Annotator "TA"]
[PlyCount "57"]
[EventDate "2024.09.26"]
[EventType "team-tourn"]
[EventCountry "SRB"]
[SourceTitle "playchess.com"]
[Source "ChessBase"]
[SourceQuality "1"]
[TimeControl "40/5400+30:1800+30"]

1. e4 e5 2. Nf3 Nc6 3. Bb5 a6 4. Ba4 Nge7 5. O-O Ng6 6. d4 exd4 7. Nxd4 Nxd4 8. Qxd4 {[%emt 0:00:30] White is slightly better.} b5 9. Bb3 Bb7 {[%emt 0:00:06] [#] Dodges Qd5. ...c5 is the strong threat.} 10. Qd3 Bc5 11. Nc3 O-O 12. a4 b4 13. Nd5 d6 14. Be3 Ne5 15. Qd2 Bxe3 16. Qxe3 a5 17. Rad1 Re8 18. Rfe1 Nd7 19. Qg3 Nf6 20. Nxf6+ Qxf6 {[%emt 0:00:06] [#]} 21. e5 Qg6 ({But not} 21... dxe5 22. Rd7 Re7 23. Rxe7 Qxe7 24. Rxe5 $16 (24. Qxe5 Qxe5 25. Rxe5 Kf8 $16)) (21... Qe7 22. Qg4) 22. Qxg6 hxg6 23. exd6 cxd6 24. Rxe8+ Rxe8 $14 {[%emt 0:00:07] KRB-KRB} 25. f3 (25. Rxd6 $2 Re1#) 25... Rd8 26. Kf2 Kf8 27. Rd4 d5 28. Ke3 Ke7 29. h4 {[%emt 0:00:38] Weighted Error Value: White=0.03 (flawless) /Black=0.05 (flawless) .  Inaccurate:     	White=1     	Black=1      OK:         	White=13    	Black=10} 1/2-1/2

[Event "Serbian League 2024"]
[Site "Bajina Basta"]
[Date "2024.09.30"]
[Round "4.30"]
[White "Gagic, Milan A"]
[Black "Miljkovic, Miroslav D"]
[Result "1/2-1/2"]
[ECO "C79"]
[WhiteElo "2284"]
[BlackElo "2420"]
[Annotator "TA"]
[PlyCount "40"]
[EventDate "2024.09.26"]
[EventType "team-tourn"]
[EventCountry "SRB"]
[SourceTitle "playchess.com"]
[Source "ChessBase"]
[SourceQuality "1"]
[TimeControl "40/5400+30:1800+30"]

1. e4 e5 2. Nf3 Nc6 3. Bb5 a6 4. Ba4 d6 5. O-O Bd7 6. d4 Nf6 7. dxe5 Nxe5 8. Bxd7+ Qxd7 9. Nc3 {[%emt 0:02:07] The position is equal.} Be7 10. Nxe5 dxe5 11. Bg5 c6 12. Bxf6 Bxf6 13. Qe2 Rd8 14. Rfd1 Qc7 15. Qc4 O-O 16. Nd5 Qd6 17. Nxf6+ Qxf6 18. Qb4 Rxd1+ (18... b5 $11) 19. Rxd1 $14 Rd8 {[%emt 0:00:13] [#]} 20. Rd3 b5 {[%emt 0:04:40] Weighted Error Value: White=0.04 (flawless) /Black=0.18 (very precise) .  Mistake:       	---       	Black=1      Inaccurate:     	---       	Black=1      OK:         	White=8     	Black=3} 1/2-1/2

[Event "Serbian League 2024"]
[Site "Bajina Basta"]
[Date "2024.09.30"]
[Round "4.31"]
[White "Kuybokarov, Temur"]
[Black "Nadj Hedjesi, Balind"]
[Result "1-0"]
[ECO "B12"]
[WhiteElo "2562"]
[BlackElo "2212"]
[Annotator "TA"]
[PlyCount "53"]
[EventDate "2024.09.26"]
[EventType "team-tourn"]
[EventCountry "SRB"]
[SourceTitle "playchess.com"]
[Source "ChessBase"]
[SourceQuality "1"]
[TimeControl "40/5400+30:1800+30"]

1. e4 c6 2. d4 d5 3. e5 c5 4. Nf3 cxd4 5. Qxd4 Nc6 6. Qf4 {[%emt 0:00:10] B12: Caro-Kann: Doorschuif Variant.} e6 $1 {[%emt 0:00:14] Sterk} 7. Nc3 {[%emt 0:00:24] OK} Nb4 {[%emt 0:03:51] Fout (0.5)} (7... Nge7 $1) 8. Kd1 $146 {[%emt 0:00:46] Onnauwkeurig. Wit heeft hier iets.} ({Predecessor:} 8. Bd3 Nxd3+ 9. cxd3 Ne7 10. h4 Ng6 11. Qg3 h5 12. Bg5 Qb6 13. O-O Bd7 14. Rfc1 {0-1 Esipenko,A (2704)-Daneshvar,B (2582) Sharjah Masters 7th 2024 (2)}) 8... h6 {[%emt 0:03:36] OK} 9. h4 {[%emt 0:04:13][%cal Bh2h4,Bh4h5][%mdl 32] EV=11.89. Onnauwkeurig} a6 {[%emt 0:05:22] Onnauwkeurig} 10. a3 {[%emt 0:04:47] OK} Nc6 {[%emt 0:00:10] OK} 11. Bd3 {[%emt 0:00:11] Onnauwkeurig} {Zwart zou moeten proberen} Qc7 {[%emt 0:04:31] Fout (0.7)} (11... h5 $1 $11) 12. h5 {[%emt 0:06:26] Onnauwkeurig} Nge7 $1 {[%emt 0:04:10] Sterk} 13. Bd2 {[%emt 0:08:39] OK} Bd7 {[%emt 0:06:44] Onnauwkeurig} 14. Re1 {[%emt 0:05:16] OK} g5 {[%emt 0:05:32] OK} 15. hxg6 {[%emt 0:01:03] Beste (Gemakkelijk)} fxg6 {[%emt 0:04:45] [#] en Zwart blijft veilig. Verliest partij (2.0)} (15... Nxg6 $11 16. Bxg6 fxg6) {Wit moet spelen} 16. b4 $2 {[%emt 0:21:51] Gemiste overwinning (1.7)} (16. Qf6 $18 Rg8 17. Nxd5 exd5 18. e6) 16... Bg7 $14 {[%emt 0:13:05] Beste (Gemakkelijk)} 17. b5 $36 {[%emt 0:02:05][%mdl 2048] Wit heeft controle. Wit is veel actiever. OK} Nd8 18. Qg3 g5 {[%emt 0:05:29] OK} 19. Nd4 {[%emt 0:01:16] Zwart moet nu f4 voorkomen. OK} Nf7 20. f4 {[%emt 0:00:27] OK} Rg8 {[%emt 0:14:18] [#] Dreigt te winnen met ...gxf4.} (20... O-O 21. fxg5 hxg5 (21... Bxe5 22. Qh4 $14) 22. Qh2) 21. Qg4 {[%emt 0:00:42] Onnauwkeurig} (21. fxg5 Bxe5 22. Qh4 Bg3 $17 (22... Nxg5 23. b6 $15) (22... hxg5 23. Qg4 $17)) 21... Qc8 $2 {[%emt 0:08:01] was hoogst noodzakelijk. Fout (1.7)} (21... gxf4 22. Nxe6 Bxe6 23. Qxe6 Qc8 24. Qxc8+ Rxc8) 22. Rb1 {[%emt 0:02:03] Sterke dreiging met f5.} ({Zwakker is} 22. fxg5 Nxe5 23. Qh5+ Nf7 $16) 22... Bh8 $2 {[%emt 0:05:55] Is een verstandige zet. Fout (2.4)} (22... h5 23. Qxh5 gxf4) 23. Rf1 {[%emt 0:03:09] Onnauwkeurig} a5 $2 {[%emt 0:00:40] Is een grotere uitdaging. Fout (3.1)} (23... gxf4 24. Qxf4 Rf8 (24... Nxe5 $2 {slaat de verkeerde figuur.} 25. Bh7 $18)) 24. Na4 $18 {[%emt 0:00:51] OK. Wit is duidelijk aan het winnen.} gxf4 25. Qxf4 Nxe5 26. Bh7 {[%emt 0:00:36] OK} (26. Qxh6 Nxd3 27. Nb6 Qc5 (27... Qd8 28. Nxe6 Bxe6 29. Qxe6 $18) 28. Nxa8 Bxd4 (28... Qxd4 29. cxd3 Qxd3 30. Nc7+ Kd8 31. Rf8+ Kxc7 32. Rc1+ Kd6 33. Rxg8 $11) 29. Qh5+ Rg6 30. cxd3 Qxa3 $14 (30... Bxb5 $2 {te hebberig.} 31. Rxb5 Qc6 32. a4 $18)) 26... N7g6 {[%emt 0:00:36] OK} 27. Bxg6+ {[%emt 0:00:07] Blunder waarde: Wit=0.36/Zwart=0.76.  Verliest partij:   	---       	Zwart=1      Gemiste overwinning: 	Wit=1      	---        Fout:        	---       	Zwart=5      Onnauwkeurig:    	Wit=6      	Zwart=2      OK:         	Wit=9      	Zwart=5      Beste:        	Wit=1      	Zwart=1      Sterk:        	---       	Zwart=2} (27. Qxh6 Qc4 28. Ne2 (28. Bxg6+ $2 Nxg6 29. Ne2 Qxa4 $19) 28... Rc8 $18) 1-0

[Event "Serbian League 2024"]
[Site "Bajina Basta"]
[Date "2024.09.30"]
[Round "4.32"]
[White "Yilmaz, Baver"]
[Black "Maksimovic, Bojan"]
[Result "0-1"]
[ECO "C01"]
[WhiteElo "2202"]
[BlackElo "2503"]
[Annotator "RC"]
[PlyCount "86"]
[EventDate "2024.09.26"]
[EventType "team-tourn"]
[EventCountry "SRB"]
[SourceTitle "playchess.com"]
[Source "ChessBase"]
[SourceQuality "1"]
[TimeControl "40/5400+30:1800+30"]

1. e4 a6 2. d4 e6 3. Nf3 d5 4. exd5 exd5 5. Bd3 Bd6 6. O-O Ne7 7. Re1 O-O 8. Nc3 Nbc6 9. a3 h6 10. h3 Be6 11. b4 Qd7 12. b5 axb5 13. Nxb5 Bf5 14. Nxd6 Qxd6 15. a4 Bxd3 16. Qxd3 Qg6 17. Qb3 Na5 18. Qc3 Qc6 19. Qd3 Ng6 20. h4 Rfe8 21. Rxe8+ Qxe8 22. h5 Nf8 23. Qb5 c6 24. Qd3 Nc4 25. Bd2 f6 26. Re1 Qxh5 27. Re7 Rxa4 28. Rxb7 Ra1+ 29. Be1 Qe8 30. Qc3 Ra8 31. Qb4 Ng6 32. Rc7 Rc8 33. Rb7 Qe6 34. Qc5 Re8 35. Bb4 Nf4 36. Qa7 Qg4 37. Nh4 Ne2+ 38. Kf1 Nxd4 39. Rxg7+ Qxg7 40. Qxd4 Re4 41. Qc5 Rxh4 42. Qxc6 Rh1+ 43. Ke2 Qg4+ 0-1

[Event "Serbian League 2024"]
[Site "Bajina Basta"]
[Date "2024.09.30"]
[Round "4.33"]
[White "Pap, Misa"]
[Black "Szalai, Kornel"]
[Result "0-1"]
[ECO "B52"]
[WhiteElo "2389"]
[BlackElo "2388"]
[Annotator "RC"]
[PlyCount "104"]
[EventDate "2024.09.26"]
[EventType "team-tourn"]
[EventCountry "SRB"]
[SourceTitle "playchess.com"]
[Source "ChessBase"]
[SourceQuality "1"]
[TimeControl "40/5400+30:1800+30"]

1. e4 c5 2. Nf3 d6 3. Bb5+ Bd7 4. Bxd7+ Qxd7 5. c4 Nf6 6. Nc3 e6 7. d4 cxd4 8. Nxd4 Be7 9. Be3 O-O 10. Rc1 Rc8 11. b3 Nc6 12. O-O Qd8 13. f3 a6 14. Qe2 Rab8 15. Rfd1 Qa5 16. Qd2 Kf8 17. a4 Nd7 18. Rb1 Nde5 19. Nde2 Qb4 20. h3 Nd7 21. Qc2 Qa5 22. Kh1 Kg8 23. Qd2 Qb4 24. Qc1 Qa5 25. f4 Qc7 26. Qd2 Rd8 27. Qe1 Rbc8 28. Qf2 Nb4 29. Nd4 Bf6 30. Qf3 Nc5 31. Bg1 e5 32. Nde2 exf4 33. Nxf4 Bxc3 34. Qxc3 a5 35. Re1 Re8 36. Nd5 Nxd5 37. exd5 Ne4 38. Qe3 Re5 39. Bh2 Re7 40. c5 Qxc5 41. Rec1 Nf2+ 42. Qxf2 Qxc1+ 43. Rxc1 Rxc1+ 44. Bg1 Ree1 45. Qb6 Rxg1+ 46. Kh2 h5 47. Qxd6 Rgd1 48. Qe7 Re1 49. Qd8+ Kh7 50. Qg5 g6 51. d6 Rcd1 52. Qxa5 h4 0-1

[Event "Serbian League 2024"]
[Site "Bajina Basta"]
[Date "2024.09.30"]
[Round "4.34"]
[White "Farkas, Tibor"]
[Black "Damljanovic, Branko"]
[Result "1/2-1/2"]
[ECO "B33"]
[WhiteElo "2209"]
[BlackElo "2354"]
[Annotator "RC"]
[PlyCount "109"]
[EventDate "2024.09.26"]
[EventType "team-tourn"]
[EventCountry "SRB"]
[SourceTitle "playchess.com"]
[Source "ChessBase"]
[SourceQuality "1"]
[TimeControl "40/5400+30:1800+30"]

1. e4 c5 2. Nf3 Nc6 3. d4 cxd4 4. Nxd4 Nf6 5. Nc3 h5 6. f3 e5 7. Nb3 Bb4 8. Bd2 Bxc3 9. Bxc3 d5 10. exd5 Nxd5 11. Qd2 Nxc3 12. Qxc3 O-O 13. Bd3 Qh4+ 14. g3 Qg5 15. Qd2 Qxd2+ 16. Nxd2 Nb4 17. Ke2 Rd8 18. Rhd1 b6 19. Ne4 Nxd3 20. cxd3 Ba6 21. Rac1 Rd7 22. Rc3 Rad8 23. h4 f6 24. Rd2 Bb5 25. Rb3 a6 26. Rc3 Kf7 27. Ke3 Ke7 28. b3 a5 29. a3 Ba6 30. Nf2 Bb7 31. f4 Ke6 32. fxe5 Kxe5 33. Re2 Kf5 34. Rc4 g5 35. hxg5 fxg5 36. Kd2 Bd5 37. Rc3 g4 38. d4 Bf3 39. Re5+ Kg6 40. Rce3 Rxd4+ 41. Kc3 R4d5 42. Nd3 Rc8+ 43. Kb2 Rxe5 44. Nxe5+ Kg5 45. Nxf3+ gxf3 46. Rxf3 Rc5 47. a4 Rf5 48. Rd3 Kg4 49. Rd6 Kxg3 50. Rg6+ Kf4 51. Rxb6 h4 52. b4 axb4 53. Kb3 h3 54. Rh6 Kg3 55. Kxb4 1/2-1/2

[Event "Serbian League 2024"]
[Site "Bajina Basta"]
[Date "2024.09.30"]
[Round "4.35"]
[White "Ivanovic, Marko"]
[Black "Juhasz, Bence R"]
[Result "1-0"]
[ECO "B23"]
[WhiteElo "2240"]
[BlackElo "2266"]
[Annotator "RC"]
[PlyCount "89"]
[EventDate "2024.09.26"]
[EventType "team-tourn"]
[EventCountry "SRB"]
[SourceTitle "playchess.com"]
[Source "ChessBase"]
[SourceQuality "1"]
[TimeControl "40/5400+30:1800+30"]

1. e4 c5 2. Nc3 d6 3. d4 cxd4 4. Qxd4 Nc6 5. Qd2 g6 6. b3 Bh6 7. f4 Nf6 8. Bb2 e5 9. g3 O-O 10. O-O-O Re8 11. Kb1 Nd4 12. Qf2 Bg4 13. Re1 Bd7 14. h3 b5 15. fxe5 dxe5 16. Bd3 b4 17. Nce2 Nc6 18. g4 Be6 19. Nf3 Nd7 20. Ng3 Qb6 21. Qxb6 axb6 22. Bb5 Rec8 23. Nf5 Bf8 24. Ne3 Ra5 25. Bc4 Bc5 26. Bxe6 fxe6 27. Nc4 Ra7 28. Rd1 Rca8 29. Rd3 Nf6 30. Re1 Rxa2 31. Nfxe5 Rxb2+ 32. Kxb2 Bd4+ 33. Rxd4 Nxd4 34. Nxb6 Ra6 35. Na4 Ra5 36. Nd3 Nc6 37. Nac5 Kf7 38. g5 Nh5 39. e5 Ng3 40. Nb7 Rd5 41. Nd6+ Ke7 42. Nc4 Rd8 43. Ra1 Ne2 44. Ra6 Ned4 45. Rb6 1-0

[Event "Serbian League 2024"]
[Site "Bajina Basta"]
[Date "2024.10.02"]
[Round "6.1"]
[White "Nadj Hedjesi, Balind"]
[Black "Puranik, Abhimanyu"]
[Result "0-1"]
[ECO "A13"]
[WhiteElo "2212"]
[BlackElo "2639"]
[Annotator "TA"]
[PlyCount "84"]
[EventDate "2024.09.26"]
[EventType "team-tourn"]
[EventCountry "SRB"]
[SourceTitle "playchess.com"]
[Source "ChessBase"]
[SourceQuality "1"]
[TimeControl "40/5400+30:1800+30"]

1. Nf3 d5 2. g3 Nf6 3. c4 e6 4. Bg2 d4 5. O-O c5 6. e3 Nc6 7. exd4 cxd4 8. a3 a5 {[%emt 0:00:15] The position is equal.} 9. b3 Bd6 10. d3 h6 11. Ra2 O-O 12. Re2 Re8 13. Qc2 e5 14. Rfe1 Bf5 15. Nbd2 Qd7 {[%emt 0:07:12] Black is much more active.} 16. Nh4 Bh7 (16... Bg4 $5) 17. Ne4 Be7 18. Nxf6+ Bxf6 19. Nf3 {[%emt 0:00:01] [#]} e4 $1 20. Nd2 exd3 21. Rxe8+ Rxe8 22. Rxe8+ Qxe8 23. Qd1 {[%emt 0:00:15] Repels Qe1+} Bf5 $36 {[%emt 0:05:52][%mdl 2048] White is under strong pressure.} 24. Ne4 $2 Bxe4 $19 25. Qe1 Bg5 ({Stronger than} 25... d2 26. Bxd2 Bg5 27. Bxg5 $11) 26. Bxg5 hxg5 27. Qxe4 Qxe4 28. Bxe4 {[%emt 0:00:01][%cal Og1f1][%mdl 4096] Endgame. KB-KN} d2 29. Bc2 g4 30. Kf1 {[%emt 0:02:49] [#]} d3 31. Bd1 Ne5 {[%emt 0:00:03] ...f5 is the strong threat.} 32. f4 gxf3 {[%emt 0:00:05] ( -> ...Ng4)} 33. Kf2 Kf8 34. c5 Ke7 {[%emt 0:00:15] Hoping for ...Kd7.} 35. Ke3 Kd8 36. h3 Kc7 (36... Kd7 $142 37. b4 Nc4+ 38. Kxd3 f2 (38... Nxa3 39. Bxf3 axb4 40. Kxd2 $17)) 37. b4 axb4 38. axb4 Nc4+ 39. Kxd3 f2 {[%emt 0:00:02] Black mates.} 40. Ke2 Nb2 41. Bb3 {[%emt 0:30:37] [#]} d1=Q+ $1 42. Bxd1 Nxd1 {[%emt 0:00:03] Weighted Error Value: White=0.93/Black=0.29 (precise) .  Loses game:     	White=1     	---        Missed win:     	---       	Black=1      Inaccurate:     	White=5     	Black=1      OK:         	White=11    	Black=7      Best:        	White=2     	Black=2} 0-1

[Event "Serbian League 2024"]
[Site "Bajina Basta"]
[Date "2024.10.02"]
[Round "6.2"]
[White "Gagunashvili, Merab"]
[Black "Yilmaz, Baver"]
[Result "1-0"]
[ECO "D97"]
[WhiteElo "2550"]
[BlackElo "2202"]
[Annotator "TA"]
[PlyCount "128"]
[EventDate "2024.09.26"]
[EventType "team-tourn"]
[EventCountry "SRB"]
[SourceTitle "playchess.com"]
[Source "ChessBase"]
[SourceQuality "1"]
[TimeControl "40/5400+30:1800+30"]

1. d4 Nf6 2. c4 g6 3. Nc3 d5 4. Nf3 Bg7 5. Qb3 dxc4 6. Qxc4 O-O 7. e4 a6 8. e5 b5 9. Qb3 Nfd7 10. e6 fxe6 11. Ng5 Nf6 12. Nxe6 Bxe6 13. Qxe6+ Kh8 14. Be3 Qd7 15. Qxd7 Nbxd7 16. Be2 Nb6 17. Bf3 Rad8 18. O-O-O b4 19. Ne2 Nfd5 20. Bg5 Rd6 21. Kb1 e5 ({Black should try} 21... a5 $14) 22. dxe5 $16 Bxe5 23. Ng3 Nf6 (23... Bf4 $14) 24. Rxd6 (24. Rc1 $16) 24... cxd6 25. Rc1 Na4 26. Rc2 Rb8 $2 {[%emt 0:02:17] [#]} (26... Nxb2 $2 27. Rxb2 Bxb2 28. Kxb2 $18) (26... Nc5 $14) 27. Bc6 $1 $18 Nxb2 28. f4 Bc3 (28... Bd4 $2 29. Ne2 (29. Rxb2 Bxb2 30. Kxb2 Kg7 $18) 29... Nd1 30. Nxd4 $18) 29. Rxc3 (29. Rxb2 $6 Bxb2 30. Kxb2 Kg7) 29... bxc3 30. Bxf6+ Kg8 31. Kc2 (31. Bxc3 Nd1+ 32. Kc2 Nxc3 $19) (31. Bd5+ Kf8) 31... Rc8 (31... Kf8 {was called for.} 32. Ne2 (32. Bxc3 Nd1 $18) (32. Kxc3 Rc8 $16) 32... Rb6) 32. Bb7 $18 (32. Kxc3 Na4+ 33. Kb4 Rxc6 34. Kxa4 Rc2 $19) (32. Bxc3 Rxc6 33. Kxb2 Rc4 $11) (32. Bd5+ Kf8 33. Ne2 (33. Bxc3 Na4 $18) 33... Na4 34. Nxc3 Rc5) 32... Rc7 33. Bxa6 (33. Bd5+ Kf8 34. Ne2 (34. Bxc3 Nd1 $18) 34... Na4 $18) 33... d5 34. Ne2 (34. Bxc3 Na4 35. Ne2 Nxc3 (35... d4 36. Nxd4 Rxc3+ 37. Kd2 $15) 36. Nxc3 d4 $19) 34... Nc4 35. Bxc4 (35. Nxc3 Ne3+ 36. Kd3 Ra7) (35. Kxc3 Ra7 $18) 35... Rxc4 36. g3 ({Stronger than} 36. Nxc3 d4 (36... Rxf4 $2 {is the wrong capture.} 37. Be5 $18) 37. Bxd4 Rxd4 $15) (36. Bxc3 Re4 $18) 36... Kf7 37. Bxc3 h5 38. Nd4 Ke7 39. Kd3 Ra4 40. Bb4+ Kf6 41. a3 g5 42. Ne2 Ra8 43. h3 g4 (43... gxf4 $142 44. Nxf4 Kg5 45. Be7+ (45. Nxd5 Kf5 $18) 45... Kh6 46. Nxd5 Kg6 47. Nf4+ Kf7) 44. h4 $18 Ra6 45. Nc3 Ke6 46. Nb5 Kd7 47. Nd4 (47. Kd4 $142 Rb6 48. Nc3 Ke6 49. Nxd5 Rb8 50. Ke4 Kf7 51. Kf5 Rb5 52. Ke4) 47... Ra8 48. f5 Ra6 49. Ke3 Ra8 50. f6 Ke8 51. Kf4 Kf7 52. Be7 Rc8 53. Ke5 Rc1 54. Nf5 Re1+ 55. Kxd5 Rd1+ 56. Ke5 Re1+ 57. Kf4 Rf1+ 58. Kg5 Rf3 59. Bd6 Ke6 60. Bf4 Rxa3 61. Nh6 Ra5+ 62. Kg6 Ra8 63. f7 Rf8 64. Kg7 Kd5 1-0